 Dungeon Crawl Stone Soup version 0.20.0-8-g6b59dc7 (webtiles) character file.

93 Darkell the Slasher (level 4, -1/27 HPs)
             Began as a Tengu Gladiator on May 31, 2017.
             Slain by a big kobold (4 damage)
             ... in a sewer.
             The game lasted 00:02:17 (2082 turns).

Darkell the Slasher (Tengu Gladiator)               Turns: 2082, Time: 00:02:18

Health: -1/27      AC:  3    Str: 15    XL:     4   Next: 61%
Magic:  5/5        EV: 14    Int:  9    God:
Gold:   91         SH:  0    Dex: 15    Spells: 3/3 levels left

rFire    . . .     SeeInvis .   a - +0 long sword
rCold    . . .     Gourm    .   (no shield)
rNeg     + . .     Faith    .   b - +0 leather armour
rPois    .         Spirit   .   c - +0 hat
rElec    .         Reflect  .   (no cloak)
rCorr    .         Harm     .   (no gloves)
MR       .....                  (boots unavailable)
Stlth    +.........             (no amulet)
Regen    0.1/turn               m - ring of positive energy
MPRegen  0.1/turn               (no ring)

@: no status effects
A: beak, talons 3
a: no special abilities


You were in a sewer.
You were not hungry.

You visited 1 branch of the dungeon, and saw 3 of its levels.
You also visited: Sewer.

You collected 91 gold pieces.

Inventory:

Hand Weapons
 a - a +0 long sword (weapon)
Missiles
 d - 3 throwing nets (quivered)
Armour
 b - a +0 leather armour (worn)
 c - a +0 hat (worn)
Jewellery
 m - a ring of positive energy (left hand)
Scrolls
 e - 4 scrolls of identify
 h - a scroll of teleportation
 i - a scroll of blinking
Potions
 g - a potion of flight
Comestibles
 f - 3 bread rations
 j - a royal jelly
 k - a meat ration


   Skills:
 + Level 2.4 Fighting
 + Level 4.5 Long Blades
 + Level 2.2 Throwing
 + Level 1.3 Armour
 + Level 4.0 Dodging
 + Level 0.2 Stealth


You had 3 spell levels left.
You didn't know any spells.

Dungeon Overview and Level Annotations

Branches:
Dungeon (3/15)

Altars:
Kikubaaqudgha
Yredelemnul


Innate Abilities, Weirdness & Mutations

You have a beak for a mouth.
You have claws for feet.


Message History

The big kobold is heavily wounded.
The big kobold hits you with a short sword!
* * * LOW HITPOINT WARNING * * *
The big kobold misses you.
You riposte.
You hit the big kobold but do no damage.
The big kobold completely misses you.
You riposte.
You completely miss the big kobold.
You claw the big kobold, but do no damage.
The big kobold is heavily wounded.
Okay, then.
You hit the big kobold but do no damage.
Your kick misses the big kobold. Your peck misses the big kobold.
The big kobold is heavily wounded.
The big kobold hits you.
* * * LOW HITPOINT WARNING * * *
The big kobold splashes around in the water.
You hit the big kobold. Your peck misses the big kobold.
The big kobold is severely wounded.
The big kobold hits you.
You die...

#≈#≈#≈#†#
#≈.≈#≈.≈#
##≈###(## #(#
#≈# #(###.#
#≈≈≈≈≈# ##≈≈≈##
#KK≈# #@≈≈# .≈#
##≈≈≈# ...#
##≈.≈≈#
≈≈.≈#####..≈≈.#
≈≈≈≈≈≈.≈≈≈≈..##
#.≈≈.≈≈≈≈.###
#≈.≈≈..≈##
##≈≈.....##
.##≈≈..≈.≈≈≈##.≈


You could see 2 big kobolds.

Vanquished Creatures
  2 adders (D:2)
  An ooze (D:2)
  2 worms (D:2)
  A dart slug (D:2)
  2 leopard geckos
  3 orcs (D:3)
  8 bats
  3 giant cockroaches
  8 goblins
  10 hobgoblins
  A ball python (D:3)
  3 frilled lizards
  4 kobolds
  5 rats
53 creatures vanquished.

Notes
Turn   | Place    | Note
-------+----------+-------------------------------------------
     0 | D:1      | Darkell the Tengu Gladiator began the quest for the Orb.
     0 | D:1      | Reached XP level 1. HP: 12/12 MP: 2/2
    80 | D:1      | Reached XP level 2. HP: 13/17 MP: 3/3
   415 | D:1      | Reached XP level 3. HP: 18/21 MP: 4/4
  1238 | D:2      | Reached XP level 4. HP: 16/27 MP: 5/5
  1529 | D:2      | Found an ancient bone altar of Kikubaaqudgha.
  1609 | D:2      | Reached skill level 1 in Armour
  1662 | D:2      | Found a basalt altar of Yredelemnul.
  1957 | D:3      | Found a glowing drain.
  2021 | Sewer    | Entered a sewer
  2060 | Sewer    | Noticed a big kobold
  2060 | Sewer    | Noticed a big kobold
  2082 | Sewer    | Slain by a big kobold

Skill      XL: |  1  2  3  4 |
---------------+-------------+-----
Long Blades    | 4 |  4.5
Armour         | 1 |  1.3
Dodging        | 4 |  4.0
Fighting       | |  2.4
Throwing       | |  2.2
Stealth        | |  0.2

Action                   |  1- 3 |  4- 6 || total
-------------------------+-------+-------++-------
Melee: Long sword        |    68 |    49 ||   117
       Kick              |    16 |    13 ||    29
       Peck              |    13 |    10 ||    23
  Use: Scroll            |       |     5 ||     5
 Stab: Sleeping          |       |     1 ||     1
  Eat: Chunk             |       |     4 ||     4
Armor: Leather armour    |    29 |    13 ||    42
Dodge: Dodged            |    49 |    38 ||    87
       Rpst.: Long sword |    19 |    15 ||    34
